 Dungeon Crawl Stone Soup version 0.28.0-53-g5a82cb258f (webtiles) character file.

Game seed: 11899683170038172899

16 Zeld the Insei (level 2, 0/21 HPs)
             Began as a Merfolk Transmuter on May 21, 2022.
             Slain by an adder (2 damage)
             ... on level 3 of the Dungeon.
             The game lasted 00:01:09 (1616 turns).

Zeld the Insei (Merfolk Transmuter)                 Turns: 1616, Time: 00:01:10

Health: 0/21       AC:  2    Str: 10    XL:     2   Next: 58%
Magic:  4/5        EV: 13    Int: 12    God:
Gold:   37         SH:  0    Dex: 14    Spells: 2/5 levels left

rFire   . . .      SeeInvis .     - Unarmed
rCold   . . .      Faith    .   (no shield)
rNeg    . . .      Spirit   .   a - +0 robe
rPois   .          Reflect  .   (helmet currently unavailable)
rElec   .          Harm     .   (no cloak)
rCorr   .          Rampage  .   (no gloves)
Will    .....                   (boots currently unavailable)
Stlth   +.........              (no amulet)
HPRegen 0.07/turn               (no ring)
MPRegen 0.09/turn               (no ring)

@: lethally poisoned (0 -> -5), appendages
A: horns 2, (nimble swimmer 2), mertail
a: End Transformation


You were on level 3 of the Dungeon.
You had temporarily grown beastly horns.
You visited 1 branch of the dungeon, and saw 3 of its levels.

You collected 37 gold pieces.

Inventory:

Armour
 a - a +0 robe (worn)
Scrolls
 b - a scroll of identify {unknown}
Potions
 c - 2 potions of heal wounds {unknown}


   Skills:
 + Level 1.2 Fighting
 + Level 2.9 Dodging
 * Level 3.4 Unarmed Combat
 * Level 2.2 Spellcasting
 * Level 3.0 Transmutations
 + Level 0.2 Ice Magic
 + Level 0.3 Poison Magic


You had 2 spell levels left.
You knew the following spells:

 Your Spells              Type           Power      Damage    Failure   Level
a - Beastly Appendage     Tmut           16%        N/A       8%          1
b - Wereblood             Tmut           8%         N/A       12%         2

Your spell library contained the following spells:

 Spells                   Type           Power      Damage    Failure   Level
 Spider Form              Tmut/Pois      5%         N/A       36%         3
 Ice Form                 Ice/Tmut       5%         N/A       80%         4


Dungeon Overview and Level Annotations

Branches:
Dungeon (3/15)

Altars:

Annotations:
D:2 Natasha


Innate Abilities, Weirdness & Mutations

You have temporarily grown beastly horns.
((You are very nimble when in or above water. (Stealth+, EV+, Speed+++)))
Your lower body shifts to a powerful aquatic tail in water.


Message History

HP restored.
c - 2 metallic silvery potions (gained 1)
An adder comes into view.
You see here a metallic orange potion.
An adder is nearby!
An adder is nearby!
An adder is nearby!
The adder hisses angrily.
Casting: Beastly Appendage (safe; 8% risk of failure)
Confirm with . or Enter, or press ? or * to list all spells.
You grow a pair of large bovine horns.
The adder bites you.
You are poisoned.
The adder poisons you!
You closely miss the adder. You headbutt the adder.
The adder is moderately wounded.
You feel sick.
A bat comes into view.
The adder barely misses you. The adder bites you.
The bat moves out of view.
You closely miss the adder. Your headbutt misses the adder.
The adder is moderately wounded.
You feel sick. The adder bites you but does no damage.
You barely miss the adder.
The adder is moderately wounded.
You feel sick. The adder barely misses you.
You hit the adder.
The adder is severely wounded.
You feel sick. The adder bites you.
You are lethally poisoned!
The adder poisons you!
You miss the adder.
The adder is severely wounded.
* * * LOW HITPOINT WARNING * * *
You feel sick. The adder bites you.
* * * LOW HITPOINT WARNING * * *
Unknown command.
You hit the adder. Your punch misses the adder.
The adder is almost dead.
* * * LOW HITPOINT WARNING * * *
You feel sick. The adder bites you.
You die...

#...# #...#####
####........
#...........
#...........
#...........
#...........
#...@S.b....
#.!.####....
#...# . #...#
#...#
#####...####.
#............
##.############
#.#..........#


You could see an adder and a bat.

Vanquished Creatures
  A bat (D:2)
  2 endoplasms (D:1)
  A goblin (D:1)
  2 hobgoblins (D:1)
  2 kobolds (D:1)
  3 ball pythons (D:1)
  A frilled lizard (D:1)
  3 rats (D:1)
15 creatures vanquished.

Notes
Turn   | Place    | Note
-------+----------+-------------------------------------------
     0 | D:1      | Zeld the Merfolk Transmuter began the quest for the Orb.
     0 | D:1      | Reached XP level 1. HP: 15/15 MP: 3/3
   312 | D:1      | Reached XP level 2. HP: 7/21 MP: 1/5
   537 | D:1      | Learned a level 2 spell: Wereblood
   906 | D:1      | Found a faded altar of an unknown god.
  1347 | D:2      | Noticed Natasha
  1357 | D:2      | Noticed a crimson imp
  1616 | D:3      | Slain by an adder

Illustrated notes

Levels and vault maps discovered:
D:1:      lightli_arrival_statuegarden, layout_loops_cross,
          ebering_ecumenical_altar_box
D:2:      layout_rooms, uniq_natasha
D:3:      minmay_chambers_of_twos, layout_basic

Skill      XL: |  1  2 |
---------------+-------+-----
Transmutations | 3 |  3.0
Fighting       | |  1.2
Dodging        | |  2.9
Unarmed Combat | |  3.4
Spellcasting   | |  2.2
Ice Magic      | |  0.2
Poison Magic   | |  0.3

Action                   || total
-------------------------++-------
Melee: Unarmed           ||    53
       Headbutt          ||     4
 Cast: Beastly Appendage ||    19
 Stab: Sleeping          ||     1
Armor: Robe              ||    15
Dodge: Dodged            ||    36
